 Dungeon Crawl Stone Soup version 0.31-a0-232-gb1c03b2570 (webtiles) character file.

Game seed: 1546336668367748058

312 qw the Shooter (level 6, -7/52 HPs)
             Began as a Minotaur Hexslinger on July 7, 2023.
             Mangled by an iguana (12 damage)
             ... on level 4 of the Dungeon.
             The game lasted 00:01:07 (1922 turns).

qw the Shooter (Minotaur Hexslinger)                Turns: 1922, Time: 00:01:07

Health: -7/52      AC:  5    Str: 10 (12) XL:     6   Next: 18%
Magic:  6/6        EV: 10    Int:  8 (10) God:
Gold:   165        SH:  0    Dex: 14 (15) Spells: 6/7 levels left

rFire   . . .        Y - +1 sling
rCold   + + .        (no shield)
rNeg    + . .        j - +0 ring mail {rC+}
rPois   +            (helmet restricted)
rElec   +            (no cloak)
rCorr   .            (no gloves)
SInv    .            (no boots)
Will    .....        d - amulet of Buhuj {RegenMP rElec rPois Stlth+}
Stlth   ++           a - ring of protection from cold
HPRegen 0.28/turn    l - ring of positive energy
MPRegen 0.50/turn

%: no passive effects
@: about to teleport
A: horns 2, retaliatory headbutt
a: no special abilities


You were on level 4 of the Dungeon.
You visited 1 branch of the dungeon, and saw 4 of its levels.

You collected 165 gold pieces.


Innate Abilities, Weirdness & Mutations

You have a pair of horns on your head.
You reflexively headbutt those who attack you in melee.


   Skills:
 - Level 4.0 Fighting
 + Level 6.1 Ranged Weapons
 - Level 1.0 Armour
 - Level 2.1 Dodging
 - Level 1.0 Spellcasting
 - Level 2.0 Hexes


You had 6 spell levels left.
You knew the following spells:

 Your Spells              Type           Power      Damage    Failure   Level
a - Slow                  Hex            12%        N/A       41%         1

Your spell library contained the following spells:

 Spells                   Type           Power      Damage    Failure   Level
 Inner Flame              Hex/Fire       2%         N/A       89%         3
 Portal Projectile        Hex/Tloc       4%         N/A       89%         3
 Cause Fear               Hex            1%         N/A       99%         4

Inventory:

Hand Weapons
 Y - a +1 sling (weapon)
Armour
 j - a +0 ring mail of cold resistance (worn)
Jewellery
 a - a ring of protection from cold (left hand)
 d - the amulet of Buhuj (around neck) {RegenMP rElec rPois Stlth+}
   (You acquired it on level 3 of the Dungeon)

   [amulet of magic regeneration]

   It increases your rate of magic regeneration.
   rElec:     It insulates you from electricity.
   rPois:     It protects you from poison.
   Stlth:     It makes you more stealthy.
 g - an amulet of reflection
 l - a ring of positive energy (right hand)
Scrolls
 f - 2 scrolls of identify
Potions
 i - a potion of invisibility {unknown}
 n - a potion of curing {unknown}

Dungeon Overview and Level Annotations

Branches:
Dungeon (4/15)
 Temple: D:4-7

Altars:


Message History

The iguana hisses angrily.
The sling bullet hits the hobgoblin.
You kill the hobgoblin!
You shoot a sling bullet.
The sling bullet barely misses the iguana.
You shoot a sling bullet. The sling bullet hits the iguana.
The iguana is moderately wounded.
You shoot a sling bullet.
The sling bullet completely misses the iguana.
You shoot a sling bullet.
The sling bullet hits the iguana but does no damage.
The iguana is moderately wounded.
You shoot a sling bullet.
The sling bullet barely misses the iguana.
The hobgoblin shouts!
The black bear bites you. The black bear misses you.
The black bear claws you but does no damage.
The iguana bites you!
You shoot a sling bullet. The sling bullet hits the iguana.
The iguana is severely wounded.
The iguana barely misses you. The black bear bites you.
The black bear claws you. x2; The iguana barely misses you.
The black bear barely misses you.
The black bear claws you but does no damage.
The black bear claws you.
You shoot a sling bullet.
The sling bullet barely misses the iguana.
The iguana bites you! The black bear bites you.
The black bear barely misses you. The black bear claws you.
You shoot a sling bullet. The sling bullet hits the iguana.
The iguana is severely wounded.
The iguana bites you! The black bear barely misses you.
The black bear misses you.
The black bear claws you but does no damage.
1922 ||| READING scroll of teleportation.
As you read the scroll of teleportation, it crumbles to dust.
You feel strangely unstable. The black bear bites you.
The black bear claws you. The black bear barely misses you.
The iguana bites you!
You die...

.. #................
..# #................
...###................
......................
.......#...........#
#....#..........#
###......##.......##.
##...##...##..........
##...##...##...@.......
#....<...#.#...hl......
###..#.........g.......
####.....####........
......# #........
#......# #%.....#.
#........ #....###
#..............#
#.##...##.


You could see a black bear, an iguana and a hobgoblin.

Vanquished Creatures
  A black bear (D:2)
  3 orc priests
  Robin (D:3)
  3 adders
  A dart slug (D:3)
  8 orcs
  4 bats
  5 endoplasms
  4 giant cockroaches
  13 hobgoblins
  2 kobolds (D:1)
  3 quokkas
  9 ball pythons
  13 goblins
  15 rats
85 creatures vanquished.

Notes
Turn   | Place    | Note
-------+----------+-------------------------------------------
     0 | D:1      | qw the Minotaur Hexslinger began the quest for the Orb.
     0 | D:1      | Reached XP level 1. HP: 16/16 MP: 1/1
     0 | D:1      | 0 ||| qw: Version: 0.3-a-46-gb1f654a
     0 | D:1      | 0 ||| qw: Game counter: 2623
     0 | D:1      | 0 ||| qw: Melee chars always use a shield: true
     0 | D:1      | 0 ||| qw: God list: Okawaru
     0 | D:1      | 0 ||| qw: Allow faded altars: false
     0 | D:1      | 0 ||| qw: Do Orc after clearing Dungeon:15 true
     0 | D:1      | 0 ||| qw: Do second Lair branch before Depths: true
     0 | D:1      | 0 ||| qw: Lair rune preference: random
     0 | D:1      | 0 ||| qw: Goals: Normal
     0 | D:1      | 0 ||| PLANNING D:1-11
   181 | D:1      | Reached skill level 3 in Ranged Weapons
   213 | D:1      | Reached XP level 2. HP: 23/23 MP: 2/2
   473 | D:1      | 473 ||| UPGRADING to +0 ring mail of cold resistance.
   483 | D:1      | 483 ||| DROPPING +0 robe.
   484 | D:1      | 484 ||| UPGRADING to amulet of regeneration.
   489 | D:1      | 489 ||| READING scroll labelled RAHACROUCK.
   590 | D:1      | 590 ||| READING 2 scrolls labelled POHEQUA JOYRE.
   591 | D:1      | 591 ||| READING scroll labelled SULAGONUTH.
   592 | D:1      | 592 ||| READING 2 scrolls labelled MEUSEXAGIU.
   596 | D:1      | 596 ||| READING scroll labelled EKEZAA TEOF.
   607 | D:1      | 607 ||| READING 2 scrolls labelled UXKOGI XAMAEXT.
   608 | D:1      | 608 ||| DROPPING scroll of poison.
   609 | D:1      | 609 ||| DROPPING scroll of amnesia.
   689 | D:2      | Reached skill level 4 in Ranged Weapons
   689 | D:2      | Reached XP level 3. HP: 29/29 MP: 3/3
   701 | D:2      | Reached skill level 1 in Armour
   754 | D:2      | Reached XP level 4. HP: 36/36 MP: 4/4
   864 | D:2      | Noticed a black bear
   877 | D:2      | Killed a black bear
   878 | D:2      | Reached skill level 5 in Ranged Weapons
   878 | D:2      | Reached XP level 5. HP: 35/41 MP: 5/5
  1294 | D:2      | 1294 ||| UPGRADING to ring of protection from cold.
  1295 | D:2      | 1295 ||| READING 2 scrolls of identify.
  1295 | D:2      | 1295 ||| IDENTIFYING ruby potion
  1296 | D:2      | 1296 ||| DROPPING potion of magic.
  1389 | D:3      | Reached skill level 3 in Fighting
  1420 | D:3      | Reached skill level 6 in Ranged Weapons
  1432 | D:3      | Reached XP level 6. HP: 22/52 MP: 6/6
  1515 | D:3      | Noticed Robin
  1530 | D:3      | Killed Robin
  1845 | D:3      | 1845 ||| UPGRADING to amulet of reflection.
  1855 | D:3      | 1855 ||| DROPPING amulet of regeneration.
  1856 | D:3      | 1856 ||| UPGRADING to ring of positive energy.
  1857 | D:3      | 1857 ||| READING scroll labelled IMENA NANERA.
  1857 | D:3      | Identified a scroll of acquirement
  1857 | D:3      | 1857 ||| ACQUIRING amulet of Buhuj {RegenMP rElec rPois
                  | Stlth+}
  1857 | D:3      | Acquired the amulet of Buhuj {RegenMP rElec rPois Stlth+}
  1859 | D:3      | 1859 ||| UPGRADING to amulet of Buhuj {RegenMP rElec rPois
                  | Stlth+}.
  1869 | D:3      | 1869 ||| DRINKING 2 golden potions.
  1870 | D:3      | 1870 ||| READING 3 scrolls of identify.
  1870 | D:3      | 1870 ||| IDENTIFYING cyan potion
  1871 | D:3      | 1871 ||| READING 2 scrolls of identify.
  1871 | D:3      | 1871 ||| IDENTIFYING lumpy dark potion
  1872 | D:3      | 1872 ||| DROPPING potion of lignification.
  1873 | D:3      | 1873 ||| DROPPING potion of attraction.
  1874 | D:3      | 1874 ||| DROPPING potion of degeneration.
  1921 | D:4      | HP: 8/52 [iguana (10)]
  1922 | D:4      | 1922 ||| READING scroll of teleportation.
  1922 | D:4      | Mangled by an iguana

Levels and vault maps discovered:
D:1:      minmay_arrival_jagged, layout_rooms
D:2:      layout_loops_ring, minmay_misc_feat_rows, minmay_misc_feat_chi,
          minmay_rat_gold_closets
D:3:      layout_basic, minmay_ruptured, uniq_robin
D:4:      layout_cave_pools, nzn_random_ring

Skill      XL: |  1  2  3  4  5  6 |
---------------+-------------------+-----
Ranged Weapons | 3 4 5 6 |  6.1
Fighting       | 2 3 4 |  4.0
Armour         | 1 |  1.0
Dodging        | |  2.1
Spellcasting   | |  1.0
Hexes          | |  2.0

Action                     |  1- 3 |  4- 6 || total
---------------------------+-------+-------++-------
   Fire: Sling             |    94 |   175 ||   269
    Use: Scroll            |     6 |     5 ||    11
         Potion            |       |     1 ||     1
 Armour: Robe              |     2 |       ||     2
         Ring mail         |    12 |    53 ||    65
  Dodge: Dodged            |    17 |    90 ||   107

Table legend:
 A = Non-vault XP
 B = Vault XP
 C = Vault XP percentage of total XP
 D = Non-vault monster count
 E = Vault monster count
 F = Vault count percentage of total count
                 A         B        C        D         E       F
            +---------+---------+-------+---------+---------+-------
      Total |     402 |      45 |  10.1 |      64 |      21 |  24.7
            +---------+---------+-------+---------+---------+-------
        D:1 |      34 |       0 |   0.0 |      21 |       0 |   0.0
        D:2 |     220 |       8 |   3.5 |      21 |       8 |  27.6
        D:3 |     144 |      37 |  20.4 |      20 |      13 |  39.4
        D:4 |       4 |       0 |   0.0 |       2 |       0 |   0.0
            +---------+---------+-------+---------+---------+-------
